 Dungeon Crawl Stone Soup version 0.31.0-32-g396128a36d (webtiles) character file.

Game seed: 8825918487279881035

5900 drclock the Grappler (level 10, -2/94 HPs)
             Began as a Troll Fighter on Mar 19, 2024.
             Was a Priest of Wu Jian.
             Slain by a tengu warrior
             ... wielding a +3 great sword
              (15 damage)
             ... on level 8 of the Dungeon.
             The game lasted 00:27:01 (6427 turns).

drclock the Grappler (Troll Fighter)                Turns: 6427, Time: 00:27:02

Health: -2/94      AC: 11    Str: 34    XL:     10   Next: 53%
Magic:  9/9        EV: 11    Int:  4    God:    Wu Jian [***...]
Gold:   493        SH:  9    Dex: 11    Spells: 9/9 levels left

rFire   + .          .
                       - Unarmed
rCold   + . .        b - +0 kite shield
rNeg    . . .        a - +0 robe
rPois   +            n - +2 hat
rElec   +            C - +0 cloak
rCorr   +            (gloves unavailable)
SInv    .            (boots unavailable)
Will    .....        (no amulet)
Stlth   ++           r - +6 ring of strength
HPRegen 1.15/turn    m - +4 ring of protection
MPRegen 0.11/turn

%: no passive effects
@: mighty, resistant
A: large, unfitting armour, claws 3, regeneration 1, shaggy fur 1, tough skin 1
a: Renounce Religion, Wall Jump, Serpent's Lash


You were on level 8 of the Dungeon.
You worshipped Wu Jian.
Wu Jian was most pleased with you.
You visited 2 branches of the dungeon, and saw 9 of its levels.

You collected 493 gold pieces.

Inventory:

Missiles
 q - 3 curare-tipped darts
Armour
 a - a +0 robe (worn)
 b - a +0 kite shield (worn)
 n - a +2 hat (worn)
 C - a +0 cloak (worn)
Magical Staves
 E - a staff of air
Jewellery
 m - a +4 ring of protection (right claw)
 p - the ring "Laossasit" {rN+ Dex+4}
   (You found it on level 3 of the Dungeon)

   [ring of positive energy]

   Dex+4:     It affects your dexterity (+4).
   rN+:       It protects you from negative energy.
 r - a +6 ring of strength (left claw)
 u - a +5 ring of evasion
 x - a +6 ring of strength
Talismans
 B - a maw talisman
 K - a beast talisman
Wands
 o - a wand of iceblast (8)
 z - a wand of charming (9)
 F - a wand of polymorph (7) (quivered)
Scrolls
 d - a scroll of fog {unknown}
 f - a scroll of teleportation
 i - a scroll of noise
 l - 2 scrolls of blinking {unknown}
 t - 2 scrolls of identify {unknown}
 v - a scroll of enchant weapon {unknown}
 y - a scroll of amnesia
 A - 2 scrolls of enchant armour {unknown}
 D - a scroll of revelation {unknown}
 I - a scroll of summoning {unknown}
 J - a scroll of poison {unknown}
Potions
 c - a potion of might
 e - a potion of berserk rage {unknown}
 g - 2 potions of haste {unknown}
 h - 2 potions of enlightenment {unknown}
 j - a potion of lignification {unknown}
 k - a potion of curing
 s - a potion of heal wounds {unknown}
 G - a potion of brilliance {unknown}


   Skills:
 + Level 4.3 Fighting
 + Level 6.7 Dodging
 + Level 2.0 Stealth
 + Level 6.5 Shields
 + Level 11.3 Unarmed Combat


You had 9 spell levels left.
You didn't know any spells.
Your spell library contained the following spells:

 Spells                   Type           Power      Damage    Failure   Level
 Kiss of Death            Conj/Necr      0%         2d5       67%         1
 Sting                    Conj/Alch      0%         1d3       67%         1
 Blink                    Tloc           0%         N/A       80%         2
 Lesser Beckoning         Tloc           0%         N/A       80%         2
 Mercury Vapours          Alch/Air       0%         N/A       80%         2
 Momentum Strike          Conj/Tloc      0%         3d8       80%         2
 Confusing Touch          Hex            0%         N/A       95%         3
 Dispel Undead            Necr           0%         3d6       100%        4
 Olgreb's Toxic Radiance  Alch           0%         N/A       100%        4


Dungeon Overview and Level Annotations

Branches:
Dungeon (8/15)             Temple (1/1) D:6            Lair (0/5) D:8

Altars:
Cheibriados
Elyvilon
Fedhas
Gozag
Hepliaklqana
Nemelex Xobeh
Okawaru
Qazlal
Ru
Uskayaw
Vehumet
Wu Jian
Xom
Yredelemnul
Zin
The Shining One

Portals:
Bailey: D:8


Innate Abilities, Weirdness & Mutations

You are too large for most types of armour.
You have claws for hands.
Your natural rate of healing is unusually fast.
You are covered in fur. (AC +1)
You have tough skin. (AC +1)


Message History

The orc closely misses you.
The orc wizard hits you but does no damage.
The orc priest calls upon Beogh to heal the orc wizard.
The orc wizard is healed somewhat.
You claw the orc wizard!
You kill the orc wizard!
The Council accepts your kill. You block the orc's attack.
You feel better. You block the orc priest's attack. You block the orc's attack.
You claw the orc!
You kill the orc!
The Council accepts your kill.
The orc priest calls down the wrath of Beogh upon you.
Pain shoots through your body!
* * * LOW HITPOINT WARNING * * *
You mangle the orc priest!!
You kill the orc priest!
The Council accepts your kill.
You mangle the tengu warrior!!
The tengu warrior is severely wounded.
A tengu conjurer comes into view.
The tengu warrior slips past you! You block the tengu warrior's attack.
The tengu warrior pecks you.
* * * LOW HITPOINT WARNING * * *
The tengu warrior barely misses you.
You feel better.
The tengu warrior hits you with a +3 great sword!
* * * LOW HITPOINT WARNING * * *
The tengu warrior pecks you.
* * * LOW HITPOINT WARNING * * *
The tengu warrior claws you but does no damage.
You barely miss the tengu warrior.
The tengu warrior is heavily wounded.
The tengu warrior barely misses you. You block the tengu warrior's attack.
The tengu warrior claws you.
* * * LOW HITPOINT WARNING * * *
You barely miss the tengu warrior.
The tengu warrior is heavily wounded.
The tengu warrior hits you with a +3 great sword!
You die...

.......?.............# #.....
.....#.............#+# ######
..........)..........#
..####.......)∩)....+#..##
..............).....+#..#
...........(.o......##..#
.........#....########... .
.........#...)##...###....#######
...............)@Q...............
........##..#..#)).....#.###..###
.... ...##..##.........#. #.##
.........#......#......#.###.#
##.#.#..##......##+#####.....####
...#....###......#.# #..........
####....###......#.####..........
..........#......#...#...........
.......##........................


You could see a tengu warrior.

Vanquished Creatures
  Pikel (D:8)
  A deep elf pyromancer (D:7)
  Maurice (D:7)
  The ghost of nitefall the Trooper, a novice MiBe of Trog (D:5)
  The ghost of Tizio the Covered, a novice MiFi (D:5)
  Prince Ribbit (D:8)
  Sigmund (D:2)
  A shadow (D:7)
  A wyvern (D:8)
  The ghost of postfeelist the Chopper, an amateur HOFi (D:5)
  7 water moccasins
  3 orc warriors
  An ice beast (D:8)
  A black bear (D:5)
  2 ogres
  A centaur (D:8)
  3 lemures (D:8)
  A kobold brigand (D:7)
  A phantom (D:7)
  5 scorpions
  6 killer bees (D:7)
  A howler monkey (D:7)
  An electric eel (D:7)
  3 bombardier beetles
  2 jellies
  A quasit (D:7)
  5 orc priests
  4 hounds
  A sleepcap (D:6)
  4 iguanas
  6 orc wizards
  9 adders
  A gnoll (D:3)
  2 river rats (D:5)
  A shadow imp (D:7)
  4 white imps
  4 ufetubi
  2 ribbon worms
  4 dart slugs
  19 orcs
  10 ball pythons
  10 endoplasms
  2 giant cockroaches (D:3)
  13 goblins
  7 hobgoblins
  3 jackals
  4 quokkas
  7 bats
  A frilled lizard (D:3)
  13 kobolds
  7 rats
192 creatures vanquished.

Notes
Turn   | Place    | Note
-------+----------+-------------------------------------------
     0 | D:1      | drclock the Troll Fighter began the quest for the Orb.
     0 | D:1      | Reached XP level 1. HP: 22/22 MP: 0/0
   163 | D:1      | Reached XP level 2. HP: 29/29 MP: 1/1
   473 | D:1      | Reached XP level 3. HP: 36/36 MP: 2/2
   617 | D:2      | Noticed Sigmund
  1119 | D:2      | Killed Sigmund
  1120 | D:2      | Reached skill level 4 in Unarmed Combat
  1120 | D:2      | Reached XP level 4. HP: 21/44 MP: 3/3
  1120 | D:2      | Reached XP level 5. HP: 24/50 MP: 4/4
  1336 | D:3      | Found a sparkling altar of Nemelex Xobeh.
  1365 | D:3      | Identified the ring "Laossasit" {rN+ Dex+4}
  1967 | D:3      | Reached XP level 6. HP: 47/59 MP: 5/5
  2041 | D:3      | Found an ornate altar of the Wu Jian Council.
  2046 | D:3      | Became a worshipper of the Wu Jian Council
  2056 | D:3      | Found a blossoming altar of Fedhas.
  2484 | D:4      | Reached skill level 5 in Unarmed Combat
  2787 | D:4      | Found a hazy altar of Hepliaklqana.
  2922 | D:5      | Entered Level 5 of the Dungeon
  2944 | D:5      | Reached XP level 7. HP: 43/66 MP: 6/6
  3016 | D:5      | Found a hide-covered altar of Uskayaw.
  3190 | D:5      | Reached * piety under Wu Jian
  3204 | D:5      | Found a glowing drain.
  3365 | D:5      | Found a radiant altar of Vehumet.
  3466 | D:5      | Reached skill level 6 in Unarmed Combat
  3598 | D:5      | Reached XP level 8. HP: 71/75 MP: 7/7
  3708 | D:5      | Reached skill level 1 in Stealth
  3708 | D:5      | Reached skill level 7 in Unarmed Combat
  3798 | D:5      | Found a runed translucent gate.
  3800 | D:5      | Found a runed translucent gate.
  3800 | D:5      | Found a runed translucent gate.
  3801 | D:5      | Noticed Tizio's ghost (novice MiFi)
  3802 | D:5      | Noticed nitefall's ghost (novice MiBe)
  3802 | D:5      | Noticed postfeelist's ghost (amateur HOFi)
  3820 | D:5      | Killed postfeelist's ghost
  3825 | D:5      | Killed nitefall's ghost
  3826 | D:5      | Reached skill level 5 in Dodging
  3826 | D:5      | Reached skill level 5 in Shields
  3826 | D:5      | Reached skill level 8 in Unarmed Combat
  3833 | D:5      | Killed Tizio's ghost
  3834 | D:5      | Reached XP level 9. HP: 37/83 MP: 8/8
  4156 | D:6      | Reached skill level 9 in Unarmed Combat
  4213 | D:6      | Found a staircase to the Ecumenical Temple.
  4229 | Temple   | Entered the Ecumenical Temple
  4417 | D:6      | Reached ** piety under Wu Jian
  4906 | D:7      | Noticed Maurice
  4931 | D:7      | Killed Maurice
  4932 | D:7      | Reached skill level 10 in Unarmed Combat
  5140 | D:7      | Found a basalt altar of Yredelemnul.
  5228 | D:7      | Noticed a deep elf pyromancer
  5238 | D:7      | Killed a deep elf pyromancer
  5239 | D:7      | Reached XP level 10. HP: 63/92 MP: 9/9
  5377 | D:7      | Found a white marble altar of Elyvilon.
  6057 | D:8      | Found a staircase to the Lair.
  6336 | D:8      | Noticed Prince Ribbit
  6347 | D:8      | Killed Prince Ribbit
  6347 | D:8      | Reached *** piety under Wu Jian
  6348 | D:8      | Reached skill level 11 in Unarmed Combat
  6371 | D:8      | Found a flagged portal.
  6381 | D:8      | Noticed Pikel
  6413 | D:8      | Killed Pikel
  6416 | D:8      | Noticed a tengu warrior
  6427 | D:8      | Slain by a tengu warrior

Illustrated notes

Levels and vault maps discovered:
D:1:      psy_arrival_fountain, layout_rooms
D:2:      layout_rooms, grunt_decor_arrowhead, hex_large, chequers_arboretum,
          uniq_sigmund
D:3:      minmay_spotlight, layout_rooms, mainiacjoe_overflow_big_doors,
          lemuel_crystal_altar, minmay_bisected
D:4:      layout_basic, mainiacjoe_overflow_concentric_impassable,
          dreamdust_wishing_well
D:5:      minmay_razor_zed, layout_rooms, eat_drink_and_be_merry_uskayaw,
          kennysheep_little_box, lightli_sewer_entry_pipes,
          gammafunk_ghost_cemetery
D:6:      layout_loops_ring, minmay_temple_entry_proselytizer
D:7:      layout_basic, nicolae_elyvilon_temple_path,
          mainiacjoe_overflow_tiny_flanked, serial_demonic, serial_demonic_c,
          serial_demonic_g, serial_demonic_d, serial_demonic_g,
          serial_demonic_c, guppyfry_early_elven_hall, uniq_maurice
D:8:      layout_basic, marbit_many_paths, enter_bailey_2, uniq_prince_ribbit1,
          uniq_pikel
Temple:   hellmonk_temple_micro_hex

Skill      XL: |  1  2  3  4  5  6  7  8  9 10 |
---------------+-------------------------------+-----
Shields        | 3 4 5 6 |  6.5
Dodging        | 3 4 5 6 |  6.7
Unarmed Combat | 4 5 6 8 10 11 | 11.3
Fighting       | 3 4 |  4.3
Stealth        | 1 2 |  2.0

Action                     |  1- 3 |  4- 6 |  7- 9 | 10-12 || total
---------------------------+-------+-------+-------+-------++-------
  Melee: Unarmed           |   110 |   136 |   269 |   111 ||   626
Ability: Lunge             |       |     3 |    16 |     6 ||    25
         Whirlwind         |       |       |    10 |     4 ||    14
    Use: Scroll            |     1 |       |     1 |     1 ||     3
         Potion            |       |     1 |     2 |     4 ||     7
 Armour: Robe              |    74 |    86 |   139 |    84 ||   383
  Dodge: Dodged            |    58 |    56 |    88 |    24 ||   226
  Block: Kite shield       |    43 |    60 |   104 |    27 ||   234
